[Event "Early-Titled-Tuesday-Blitz-March-05-2024"]
[Site "Chess.com"]
[Date "2024.03.05"]
[Round "9"]
[White "atbenina64"]
[Black "Barmen_EV"]
[Result "1-0"]
[WhiteElo "2719"]
[BlackElo "2484"]
[TimeControl "180+1"]
[EndTime "9:46:58 PST"]
[Termination "atbenina64 won by checkmate"]

1. Nf3 f5 2. d3 Nf6 3. e4 d6 4.
Nc3 g6 5. exf5 Bxf5 6. d4 Bg7 7.
Bc4 Qd7 8. h3 Nc6 9. d5 Ne5 10.
Nxe5 dxe5 11. g4 O-O-O 12. gxf5 gxf5 13. Rg1 e6 14. dxe6 Qc6 15. Qe2 Bf8 16. Bg5 Be7 17. Bb3 Rhg8 18. Rd1 h6 19. Rxd8+ Kxd8 20. Qd3+ Qd6 21.
Qxf5 hxg5 22. Rxg5 Rf8 23. Qxe5 Qb4 24. a3 Qb6 25.
Rg3 Ng4 26. Rd3+ Kc8 27. hxg4 Qxf2+ 28. Kd1 Qg1+ 29. Kd2 Qxg4 30. Ne4 Qg2+ 31. Kc3 b6 32. Bc4 Kb8 33. Qd5 Qg7+ 34. Kb3 a5 35. Ba6 a4+ 36.
Ka2 c6 37. Qxc6 Bc5 38. Rd7 Qxb2+ 39. Kxb2 Bxa3+ 40. Kxa3 Rf3+ 41. Ka2 Ra3+ 42. Kxa3 b5 43. Qb7# 1-0

[Event "Early-Titled-Tuesday-Blitz-March-05-2024"]
[Site "Chess.com"]
[Date "2024.03.05"]
[Round "9"]
[White "Lady_Nika"]
[Black "Al_Shima"]
[Result "0-1"]
[WhiteElo "2554"]
[BlackElo "2451"]
[TimeControl "180+1"]
[EndTime "9:46:58 PST"]
[Termination "Al_Shima won on time"]

1. d4 Nf6 2. c4 e6 3. a3 d5 4. cxd5 exd5 5. Nc3 c5 6. e3 Nc6 7. dxc5 Bxc5 8. Nf3 O-O 9. Be2 Re8 10. O-O a5 11.
b3 Bg4 12. Bb2 Rc8 13. Rc1 Be7 14. h3 Bh5 15. g4 Bg6 16. Nd4 Nxd4 17. Qxd4 Bc5 18.
Qf4 Bd6 19. Qg5 h6 20. Qh4 Be5 21. Na4 Bxb2 22. Nxb2 Qb6 23. Rxc8 Rxc8 24. Bd1 Qc5 25. g5 hxg5 26. Qxg5 Qc3 27. Na4 Qc6 28. Bf3 Ne4 29. Bxe4 Bxe4 30. f3 Bg6 31. Qg4 Re8 32. Qd4 Qe6 33. Kg2 Qxe3 34. Qxd5 Re5 35. Qd8+ Kh7 36. Qh4+ Rh5 37. Qf2 Rg5+ 38. Kh1 Qf4 39. Nc5 Rh5 40. Qg2 Rxc5 0-1

[Event "Early-Titled-Tuesday-Blitz-March-05-2024"]
[Site "Chess.com"]
[Date "2024.03.05"]
[Round "9"]
[White "Batica1984"]
[Black "Sebastian"]
[Result "0-1"]
[WhiteElo "2780"]
[BlackElo "2926"]
[TimeControl "180+1"]
[EndTime "9:46:59 PST"]
[Termination "Sebastian won on time"]

1. e4 c5 2. Nf3 d6 3. d4 cxd4 4. Nxd4 Nf6 5. Nc3 a6 6. Be3 e5 7. Nb3 Be6 8. h3 Be7 9. Qf3 Nbd7 10. g4 g6 11. O-O-O h5 12. g5 Nh7 13. h4 Bg4 14.
Qg3 Bxd1 15. Kxd1 Nhf8 16. Nd5 Ne6 17. Bh3 Rc8 18. Kc1 O-O 19. Rd1 Re8 20. Kb1 Bf8 21.
f3 b5 22. Qg1 Bg7 23. a3 Rc4 24. Nd2 Rc8 25. Nb3 a5 26. Bd2 Ra8 27. Be3 Qc8 28. Bf1 Qb7 29. Nc1 Ndc5 30. Na2 b4 31.
axb4 axb4 32. Naxb4 Nd4 33. c3 Nde6 34. Bc4 Rec8 35.
Qf1 Kh7 36. Kc2 Ra5 37. Qe2 Qa8 38. Rc1 Ra4 39. Kd2 Ra1 40. Nc2 Rxc1 41. Kxc1 Rb8 42. b4 Nd7 43. Kb2 Qb7 44. Na3 Ra8 45. Qc2 Nf4 46.
Nxf4 exf4 47. Bd5 Qxb4+ 48. Qb3 Bxc3+ 0-1

[Event "Early-Titled-Tuesday-Blitz-March-05-2024"]
[Site "Chess.com"]
[Date "2024.03.05"]
[Round "9"]
[White "GreenPeach24"]
[Black "ACollins05"]
[Result "1-0"]
[WhiteElo "2498"]
[BlackElo "2599"]
[TimeControl "180+1"]
[EndTime "9:47:00 PST"]
[Termination "GreenPeach24 won by checkmate"]

1. d4 d5 2. Bf4 Nf6 3. e3 e6 4. Nf3 Bd6 5. Bg3 O-O 6. Nbd2 c5 7. dxc5 Bxc5 8. c4 Nc6 9. a3 a5 10. Qc2 Bd6 11. Bd3 h6 12. Bxd6 Qxd6 13. O-O Rd8 14. Rfd1 b6 15. cxd5 Nxd5 16. Nc4 Qc5 17. Rac1 Bb7 18.
Qe2 Qe7 19. Be4 b5 20. Bxd5 Rxd5 21. Rxd5 exd5 22. Nb6 Rd8 23. Qxb5 d4 24. Nd5 Qd7 25. e4 Ne5 26. Qxd7 Nxf3+ 27. gxf3 Rxd7 28. Rc7 Rxc7 29. Nxc7 Kf8 30. Kf1 Ke7 31. Ke1 Bc6 32. b4 axb4 33. axb4 Kd6 34. Na6 Ke5 35. Nc5 Kf4 36. Nb3 Ke5 37. Kd2 Ba4 38. Nc5 Bb5 39. Nd3+ Ke6 40. f4 f5 41. f3 Bc6 42. Nc5+ Kd6 43. Kd3 g5 44. fxg5 hxg5 45. Kxd4 g4 46. fxg4 fxg4 47.
e5+ Ke7 48. e6 Kd6 49. Ke3 Bb5 50. Kf4 Be2 51. Kf5 Ke7 52. Ke5 Bc4 53. Kf4 Be2 54.
Kf5 Ke8 55. Kf6 Bc4 56. e7 Bb5 57. Ne6 Bc6 58. Ng7+ Kd7 59. e8=Q+ Kc7 60. Qe7+ Kb6 61. Qc5+ Kc7 62. Ne6+ Kd7 63. Qe7+ Kc8 64. Qc7# 1-0

[Event "Early-Titled-Tuesday-Blitz-March-05-2024"]
[Site "Chess.com"]
[Date "2024.03.05"]
[Round "9"]
[White "mary-sanna"]
[Black "janhelmer03"]
[Result "0-1"]
[WhiteElo "2227"]
[BlackElo "2395"]
[TimeControl "180+1"]
[EndTime "9:47:00 PST"]
[Termination "janhelmer03 won by checkmate"]

1. d4 d5 2. c4 e6 3. Nf3 Nf6 4.
g3 dxc4 5. Bg2 c6 6. Ne5 Nbd7 7.
Nxc4 Be7 8. O-O O-O 9. Nc3 Nb6 10.
Ne5 Nbd5 11. e4 Nxc3 12. bxc3 Bd7 13. Rb1 b6 14. Re1 Be8 15. Bf4 Rc8 16. Qb3 Nd7 17.
Qa4 Nxe5 18. Bxe5 a5 19. Red1 b5 20. Qb3 f6 21. Bf4 Bf7 22. e5 f5 23. h4 h6 24. Rd2 g5 25. hxg5 hxg5 26. Be3 a4 27.
Qc2 Bg6 28. Re2 Kg7 29. Rbe1 f4 30. Be4 Bxe4 31. Qxe4 fxe3 32. Rxe3 Qd5 33. Qg4 Rh8 34. f3 Rcf8 35. Kg2 Rf5 36. Re4 c5 37. f4 cxd4 38.
cxd4 Bb4 39. Re2 Rc8 40. fxg5 Rcf8 41. Qh5 Rf2+ 42. Kh3 Rh8 43. Qxh8+ Kxh8 44. Rxf2 Qxe4 45. Rf4 Qh1+ 46. Kg4 Kg7 47. Rf6 Qe4+ 48. Kh5 Qxd4 49. Rxe6 Qd1+ 50. g4 Qh1# 0-1

[Event "Early-Titled-Tuesday-Blitz-March-05-2024"]
[Site "Chess.com"]
[Date "2024.03.05"]
[Round "9"]
[White "KuzubovYuriy"]
[Black "kids2010"]
[Result "0-1"]
[WhiteElo "2947"]
[BlackElo "2789"]
[TimeControl "180+1"]
[EndTime "9:47:01 PST"]
[Termination "kids2010 won on time"]

1. d4 d5 2. c4 c6 3. Nf3 Nf6 4. Nc3 dxc4 5. a4 Bf5 6. Nh4 Bg6 7. Nxg6 hxg6 8. e3 e6 9. Qe2 Bb4 10. Qxc4 a5 11. g3 Qd5 12. Qxd5 exd5 13. Bd2 Na6 14. f3 Kd7 15. Kf2 g5 16. g4 Nc7 17. Rd1 Ne6 18.
Bc1 g6 19. Bd3 Bd6 20. Kg2 Rae8 21. Ne2 Nc7 22. h3 b6 23. Rhf1 Re7 24. Bb1 Rhe8 25. Rd3 Ne6 26. Rb3 Bc7 27. e4 dxe4 28. fxe4 Nf4+ 29.
Bxf4 Bxf4 30. Nxf4 gxf4 31. Rxb6 Nxe4 32. Rb7+ Kd6 33.
Rxe7 Rxe7 34. Rxf4 Ng5 35. h4 Ne6 36. Rf6 Rb7 37. Rf2 Nxd4 38. h5 gxh5 39. gxh5 Ke5 40. Kg3 f5 41. Kh4 Rg7 42. Rf1 Rg4+ 43. Kh3 Rg5 44.
Re1+ Kf4 45. Rf1+ Nf3 0-1

[Event "Early-Titled-Tuesday-Blitz-March-05-2024"]
[Site "Chess.com"]
[Date "2024.03.05"]
[Round "9"]
[White "corvachesky"]
[Black "Smoking_Crow"]
[Result "1-0"]
[WhiteElo "2512"]
[BlackElo "2615"]
[TimeControl "180+1"]
[EndTime "9:47:01 PST"]
[Termination "corvachesky won by checkmate"]

1. Nf3 d5 2. d4 Nf6 3. g3 Bf5 4. Bg2 e6 5. c4 c6 6. Nc3 Be7 7. Qb3 Qb6 8. c5 Qxb3 9. axb3 O-O 10. b4 a6 11. h3 Nbd7 12. Bf4 Rac8 13. Nd2 Bg6 14. Nb3 Bd8 15. Na5 Bxa5 16. bxa5 Rfe8 17. Bd6 e5 18. dxe5 Nxe5 19. Bxe5 Rxe5 20. b4 Rce8 21. e3 d4 22. Nd1 Bc2 23. O-O Bxd1 24. Rfxd1 dxe3 25. fxe3 Rxe3 26. b5 axb5 27. a6 bxa6 28.
Bxc6 Rc8 29. Kf2 Re5 30. Bb7 Rf8 31. c6 Ne4+ 32. Kg2 Nc5 33. Rdc1 Nb3 34. c7 Ree8 35.
Bxa6 Nxa1 36. Rxa1 b4 37. Rb1 Re6 38. c8=Q Rxc8 39. Bxc8 Rb6 40. Bf5 g6 41. Bc2 Kg7 42. Bb3 f5 43. Rc1 Kf6 44. Rc7 h6 45. Rc4 Ke5 46. Kf3 g5 47. Ke3 Rb5 48. Rc6 h5 49. Re6# 1-0

[Event "Early-Titled-Tuesday-Blitz-March-05-2024"]
[Site "Chess.com"]
[Date "2024.03.05"]
[Round "9"]
[White "kleopl"]
[Black "ZCorrales"]
[Result "1/2-1/2"]
[WhiteElo "2492"]
[BlackElo "2243"]
[TimeControl "180+1"]
[EndTime "9:47:01 PST"]
[Termination "Game drawn by repetition"]

1. e4 c5 2. Nc3 Nc6 3. Bb5 Nd4 4. Bc4 e6 5. Nge2 Ne7 6. O-O Nec6 7. d3 Be7 8. Nxd4 Nxd4 9. Ne2 Nxe2+ 10. Qxe2 O-O 11. e5 d5 12. exd6 Bxd6 13. Qf3 Rb8 14. a4 b6 15. Bf4 Bb7 16. Qg3 Bxf4 17. Qxf4 Qd7 18. Rfe1 Qc6 19.
Qg3 a6 20. Re4 b5 21. axb5 axb5 22. Rg4 bxc4 23. Rxg7+ Kh8 24. dxc4 Rg8 25. Rxg8+ Rxg8 26. Qe5+ Rg7 27. Qb8+ Qc8 28. Qxc8+ Bxc8 29. Ra5 Bb7 30. g3 Rg5 31. f4 Rh5 32. b4 Kg7 33. b5 e5 34. Ra7 Be4 35. b6 exf4 36. Re7 fxg3 37. Rxe4 gxh2+ 38. Kh1 Rh6 39. b7 Rb6 40. Re7 Kf6 41.
Rc7 Rb2 42. Kxh2 Rxc2+ 43. Kg3 Rb2 44. Kf4 Ke6 45. Ke4 f5+ 46. Kf4 h5 47. Rh7 h4 48.
Rxh4 Rxb7 49. Rh6+ Kd7 50. Kxf5 Rb4 51. Rh4 Kd6 52.
Rh6+ Kc7 53. Rh4 Rb2 54. Ke5 Rd2 55. Re4 Kb6 56. Ke6 Ka5 57. Ke5 Kb4 58. Ke6 Rd4 59. Re1 Kxc4 60. Rc1+ Kb4 61. Rb1+ Kc3 62. Rc1+ Kb4 63.
Rb1+ Ka3 64. Rc1 Kb4 1/2-1/2

[Event "Early-Titled-Tuesday-Blitz-March-05-2024"]
[Site "Chess.com"]
[Date "2024.03.05"]
[Round "9"]
[White "Bulatova_Kamaliya"]
[Black "IngOscarArdila"]
[Result "0-1"]
[WhiteElo "2420"]
[BlackElo "2332"]
[TimeControl "180+1"]
[EndTime "9:47:03 PST"]
[Termination "IngOscarArdila won on time"]

1. e4 e5 2. Nf3 Nf6 3. Nxe5 d6 4. Nxf7 Kxf7 5. Bc4+ Be6 6. Bxe6+ Kxe6 7. Nc3 c5 8.
d4 cxd4 9. Qxd4 Nc6 10. Qc4+ Kd7 11. O-O Ne5 12. Qb5+ Ke6 13. Qb3+ Ke7 14. Bg5 Ke8 15. Kh1 Nf7 16. Bh4 Be7 17. f4 Qb6 18. Qa4+ Qc6 19.
Qd4 Qc5 20. Qa4+ Qc6 21. Qd4 Qc5 22. Qd3 Kf8 23. b4 Qc6 24. Rae1 Rc8 25. Rf3 Qc4 26. Qe3 Ng4 27. Bxe7+ Kxe7 28. Qxa7 Rhe8 29. Qxb7+ Kf8 30. h3 Nf6 31. e5 Qc6 32. Qa7 dxe5 33. fxe5 Rxe5 34.
Ref1 Rce8 35. b5 Qc4 36. Qa3+ Kg8 37. b6 Re1 38. Rxe1 Rxe1+ 39. Kh2 Ng5 40. Qa8+ Re8 41. Qb7 Nxf3+ 42. Qxf3 Qc5 43. Ne2 Qxb6 44. Ng3 Qc7 45.
Qb3+ Kh8 46. a4 h5 47. h4 Qf4 0-1

[Event "Early-Titled-Tuesday-Blitz-March-05-2024"]
[Site "Chess.com"]
[Date "2024.03.05"]
[Round "9"]
[White "GoValya"]
[Black "goodnigth"]
[Result "1-0"]
[WhiteElo "2238"]
[BlackElo "1968"]
[TimeControl "180+1"]
[EndTime "9:47:04 PST"]
[Termination "GoValya won on time"]

1. d4 Nf6 2. Nf3 g6 3. g3 Bg7 4.
Bg2 c5 5. O-O cxd4 6. Nxd4 h5 7.
h4 Nc6 8. c4 Ng4 9. Nxc6 dxc6 10. Qxd8+ Kxd8 11. Rd1+ Kc7 12. Nc3 Bf5 13. f3 Nh6 14. e4 Bd7 15. Be3 Rhd8 16. Rac1 Be6 17. Nd5+ Bxd5 18. cxd5 Ng8 19. Bf4+ Kb6 20. b3 Bb2 21.
Rc2 Ba3 22. Re1 Rac8 23. Be3+ c5 24. Rc4 a5 25. f4 e6 26. Re2 Ne7 27. Ra4 Bb4 28. a3 Bc3 29. Rc4 Bd4 30. Bxd4 cxd4 31. Rxd4 Rc3 32. Red2 Rxg3 33. d6 Nc6 34. Rc4 Rg4 35.
e5 Rxh4 36. Kf2 Rg4 37. Kf3 g5 38. b4 Rxf4+ 39. Rxf4 gxf4 40. Kxf4 axb4 41. axb4 Nxb4 42. Rb2 Kc5 43. Rb3 b6 44. Rc3+ Kd4 45. Rc7 Nd5+ 46.
Bxd5 Kxd5 47. Rxf7 b5 48. Rb7 Kc4 49. Rc7+ Kd5 50.
d7 b4 51. Rb7 1-0

[Event "Early-Titled-Tuesday-Blitz-March-05-2024"]
[Site "Chess.com"]
[Date "2024.03.05"]
[Round "9"]
[White "Mariia89"]
[Black "yonaltimur"]
[Result "0-1"]
[WhiteElo "2261"]
[BlackElo "2356"]
[TimeControl "180+1"]
[EndTime "9:47:05 PST"]
[Termination "yonaltimur won on time"]

1. d4 d5 2. c4 e6 3. Nc3 a6 4.
Nf3 dxc4 5. e4 b5 6. e5 c5 7. Bg5 Qa5 8. d5 exd5 9. Qxd5 Ra7 10. b4 cxb4 11. Ne4 Be6 12. Qd4 Rd7 13. Nd6+ Bxd6 14. exd6 f6 15. Qe4 Kf7 16. Nd4 Rxd6 17. Bf4 b3+ 18. Bd2 Qb6 19. Nf3 Bd5 20. Qf4 Bxf3 21. gxf3 Ne7 22. Be2 b2 23. Rb1 Nd5 24.
Qg4 c3 25. Bh6 gxh6 26. Rg1 Rf8 27. Qg7+ Ke8 28. Bd3 Re6+ 29. Kf1 Re7 30. Qxh6 Nd7 31.
Qh5+ Kd8 32. Qxd5 Qc5 33. Qa8+ Qc8 34. Qxa6 Qxa6 35. Kg2 Qd6 36. Bc2 Rg7+ 37. Kh1 Rxg1+ 38. Kxg1 Qd2 39. Be4 c2 40. Bxc2 Qxc2 41. Rf1 Qc1 42. Rxc1 bxc1=Q+ 43. Kg2 Rg8+ 0-1

[Event "Early-Titled-Tuesday-Blitz-March-05-2024"]
[Site "Chess.com"]
[Date "2024.03.05"]
[Round "9"]
[White "littlepinkyboy"]
[Black "WindWhistler11"]
[Result "1-0"]
[WhiteElo "2677"]
[BlackElo "2538"]
[TimeControl "180+1"]
[EndTime "9:47:07 PST"]
[Termination "littlepinkyboy won on time"]

1. e4 e6 2. d4 d5 3. Bd3 Nc6 4. Nf3 Nb4 5. O-O Nxd3 6. Qxd3 Nf6 7. e5 Nd7 8. b3 b6 9. a4 Be7 10. Ba3 c5 11. a5 Nb8 12. Nc3 O-O 13. Na4 c4 14.
bxc4 Ba6 15. Bxe7 Qxe7 16. axb6 Bxc4 17. Qa3 Qxa3 18. Rxa3 axb6 19. Rfa1 b5 20. Nc5 Rxa3 21. Rxa3 Nc6 22. c3 h6 23. Ra6 Rc8 24. Rb6 Na5 25. h4 Be2 26. Nd2 Nc4 27. Nxc4 Bxc4 28. f3 h5 29. Kf2 Ra8 30. Ra6 Rb8 31. Ke3 b4 32.
Nd7 Rc8 33. Ra1 bxc3 34. Rc1 Bb5 35. Nc5 Ra8 36. Rxc3 Ra2 37. Rb3 Bc4 38. Rb8+ Kh7 39. g4 hxg4 40. fxg4 Rh2 41. h5 Rh3+ 42. Kf4 Rh1 43. Nd7 Rf1+ 44. Kg5 1-0

[Event "Early-Titled-Tuesday-Blitz-March-05-2024"]
[Site "Chess.com"]
[Date "2024.03.05"]
[Round "9"]
[White "Bekkedahl"]
[Black "DKmirl"]
[Result "1/2-1/2"]
[WhiteElo "2197"]
[BlackElo "2320"]
[TimeControl "180+1"]
[EndTime "9:47:07 PST"]
[Termination "Game drawn by repetition"]

1. e4 d5 2. exd5 Qxd5 3. Nc3 Qe5+ 4. Be2 Bg4 5. d4 Qe6 6. d5 Qe5 7. Nf3 Bxf3 8. gxf3 Nf6 9. f4 Qd6 10. Be3 Na6 11. Qd4 O-O-O 12. Qxa7 Nxd5 13. Bxa6 Qxa6 14. Qxa6 bxa6 15. Nxd5 Rxd5 16. Ke2 e6 17. Rhd1 Rxd1 18. Rxd1 Be7 19. c4 Rd8 20. Rb1 a5 21. a3 c5 22.
Rd1 Rxd1 23. Kxd1 Kc7 24. Kc2 Kc6 25. Kb3 Bf6 26. Bd2 Kb6 27. Bc1 Bd4 28. f3 h5 29.
h3 f6 30. Kc2 g6 31. b3 Bf2 32. Kd3 a4 33. b4 Bg1 34. b5 Ka5 35. Be3 Bxe3 36.
Kxe3 Kb6 37. Ke4 Ka5 38. Ke3 Kb6 39. h4 Kc7 40. Ke4 Kb6 41. Ke3 Kb7 42. Ke4 Kb6 43. Kd3 Kb7 44. Ke4 Ka7 45. Ke3 Kb8 46. Kd3 Kc8 47. Kc3 Kb7 48. Kd3 Kb6 49. Ke4 Kc7 50. Ke3 Kc8 51. Kf2 Kb8 52. Ke3 Kb7 53. Ke4 1/2-1/2

[Event "Early-Titled-Tuesday-Blitz-March-05-2024"]
[Site "Chess.com"]
[Date "2024.03.05"]
[Round "9"]
[White "baki83"]
[Black "Josetricks"]
[Result "1/2-1/2"]
[WhiteElo "2798"]
[BlackElo "2581"]
[TimeControl "180+1"]
[EndTime "9:47:09 PST"]
[Termination "Game drawn - insufficient material"]

1. e4 g6 2. d4 Bg7 3. Nc3 c6 4. Be3 d5 5. Nf3 dxe4 6. Nxe4 Nf6 7. Bd3 O-O 8. h3 Nbd7 9. c3 Nxe4 10. Bxe4 e5 11.
dxe5 Nxe5 12. Nxe5 Bxe5 13. Qxd8 Rxd8 14. Rd1 Rxd1+ 15.
Kxd1 Be6 16. Kc2 a5 17. a4 f5 18. Bf3 Kf7 19. Bb6 Ra6 20. Bd8 Ra8 21. Rd1 Ke8 22. Bb6 Ra6 23. Re1 Rxb6 24. Rxe5 Kd7 25. Rxa5 Bb3+ 26.
Kc1 Kc7 27. Ra8 h5 28. Ra5 h4 29. g3 hxg3 30. fxg3 Bc4 31. b4 Ra6 32. Rxa6 Bxa6 33. Kd2 Kd6 34. h4 Ke5 35. Ke3 Bc4 36. a5 Bf1 37. Bd1 Kd5 38. Bb3+ Bc4 39. Bd1 Bf1 40. Kf4 Kc4 41. Kg5 Bd3 42. Bf3 Kxc3 43. b5 cxb5 44.
Bxb7 b4 45. h5 gxh5 46. a6 b3 47. a7 b2 48. a8=Q b1=Q 49. Qc8+ Kd2 50. Kxh5 Qd1+ 51. Kh6 Qg4 52. Qc7 Be4 53. Ba6 Ke3 54. Bc8 Kf3 55. Qf4+ Qxf4+ 56. gxf4 Kxf4 57. Bxf5 1/2-1/2

[Event "Early-Titled-Tuesday-Blitz-March-05-2024"]
[Site "Chess.com"]
[Date "2024.03.05"]
[Round "9"]
[White "Bilan_Danila"]
[Black "amylazy"]
[Result "0-1"]
[WhiteElo "2527"]
[BlackElo "2428"]
[TimeControl "180+1"]
[EndTime "9:47:09 PST"]
[Termination "amylazy won on time"]

1. d4 Nf6 2. Nf3 g6 3. Bg5 Bg7 4. c3 d5 5. Nbd2 O-O 6. e3 Nc6 7. Bd3 Bg4 8. h3 Bxf3 9. Nxf3 Re8 10. Bb5 a6 11. Bxc6 bxc6 12. b4 Ne4 13. Rc1 f6 14.
Bf4 e5 15. Bh2 a5 16. a3 axb4 17. axb4 Ra3 18. c4 Nc3 19. Qd2 Ne4 20. Qb2 Qa8 21. cxd5 Ra2 22. Qb3 Rxf2 23. dxc6+ Kh8 24. dxe5 Rxg2 25.
Qc4 f5 26. Rg1 Rf2 27. Ng5 Nxg5 28. Kxf2 Nxh3+ 29. Kg2 Nxg1 30. Rxg1 Qd8 31. Qd4 Qg5+ 32. Kf2 Qh5 33. Bf4 Ra8 34. Ra1 Re8 35. b5 g5 36. Bg3 f4 37. exf4 gxf4 38. Bxf4 Qh4+ 39.
Ke3 Qh3+ 40. Ke4 Qg2+ 41. Kd3 Qf3+ 42. Kc4 Qe2+ 43. Kb3 Qxb5+ 44. Kc3 Qxc6+ 45. Kd3 Qf3+ 46. Kc4 Rb8 47. Kc5 Bf8+ 0-1

[Event "Early-Titled-Tuesday-Blitz-March-05-2024"]
[Site "Chess.com"]
[Date "2024.03.05"]
[Round "9"]
[White "Defenstrator"]
[Black "santosalberto1987"]
[Result "1-0"]
[WhiteElo "2457"]
[BlackElo "2529"]
[TimeControl "180+1"]
[EndTime "9:47:12 PST"]
[Termination "Defenstrator won by resignation"]

1. c3 Nf6 2. d4 g6 3. g3 Bg7 4. Bg2 O-O 5. e4 d6 6. Ne2 c5 7. O-O Nc6 8. Na3 cxd4 9. cxd4 Bg4 10. Be3 Rc8 11. h3 Bxe2 12. Qxe2 Nb4 13. Qb5 Qb6 14. Qxb6 axb6 15. Rfc1 Nd7 16. Rc3 Rxc3 17. bxc3 Ra8 18. Nc4 Rxa2 19. Rb1 Nc2 20. Bg5 f6 21. Bc1 Ra1 22.
Rxa1 Nxa1 23. Bf1 Nb3 24. Ba3 Na5 25. Ne3 Kf7 26. Bb5 Nc6 27. Bc4+ Ke8 28. Bg8 h5 29. Nd5 Kd8 30. Nf4 Nf8 31. Bf7 Bh6 32. Nxg6 Nxg6 33. Bxg6 h4 34. gxh4 e5 35. d5 Ne7 36. Bf7 Kc7 37. Be6 Ng6 38. h5 Nf4 39. Bg4 Nd3 40. Kf1 b5 41. Ke2 Nc5 42. f3 Kb6 43. Kd1 Ka5 44.
Kc2 Ka4 45. Bxc5 dxc5 46. d6 Bf8 47. d7 Be7 48. h6 b4 49. h7 Ka3 50. h8=Q Ka2 51. d8=Q b3+ 52. Kd3 Bxd8 53. Qxd8 b2 54. Qa5+ 1-0

[Event "Early-Titled-Tuesday-Blitz-March-05-2024"]
[Site "Chess.com"]
[Date "2024.03.05"]
[Round "9"]
[White "carlocapau"]
[Black "Kielinkei"]
[Result "1-0"]
[WhiteElo "2474"]
[BlackElo "2586"]
[TimeControl "180+1"]
[EndTime "9:47:13 PST"]
[Termination "carlocapau won by checkmate"]

1. d4 Nf6 2. c4 e6 3. Nc3 Bb4 4.
Qc2 d5 5. cxd5 exd5 6. Nf3 O-O 7. Bf4 c6 8. e3 Re8 9. Bd3 Nbd7 10. O-O Nf8 11.
h3 g6 12. a3 Bd6 13. Bxd6 Qxd6 14. b4 Ne6 15. Na4 Ng7 16. b5 cxb5 17. Bxb5 Rd8 18. Rfc1 a6 19. Bf1 Bf5 20. Qc7 Rab8 21. Qxd6 Rxd6 22. Ra2 Ne6 23. Rb2 b5 24. Nc5 h5 25. a4 Ne4 26. Ne5 N6xc5 27. dxc5 Re6 28. Nd7 Rb7 29. c6 Rc7 30. axb5 axb5 31. Bxb5 Nf6 32. Nxf6+ Rxf6 33. Ba4 Re6 34. Rb7 Ree7 35. Rxc7 Rxc7 36. Bb3 Be6 37. Kf1 Kf8 38. Ke2 Ke7 39. Kd3 Kd6 40. Kd4 Rxc6 41. Rxc6+ Kxc6 42. Ke5 Kc5 43. f3 Kc6 44. g4 hxg4 45. hxg4 Kc5 46. f4 Kc6 47. f5 gxf5 48. gxf5 Bc8 49. Bxd5+ Kd7 50. Bxf7 Ke7 51.
Bd5 Ba6 52. f6+ Kf8 53. e4 Bc8 54. Kd6 Bg4 55. e5 Bh5 56. e6 Bf7 57. e7+ Kg8 58.
e8=Q+ Kh7 59. Qxf7+ Kh8 60. Qg7# 1-0

[Event "Early-Titled-Tuesday-Blitz-March-05-2024"]
[Site "Chess.com"]
[Date "2024.03.05"]
[Round "9"]
[White "GM4life"]
[Black "Fandorine"]
[Result "0-1"]
[WhiteElo "2520"]
[BlackElo "2920"]
[TimeControl "180+1"]
[EndTime "9:47:14 PST"]
[Termination "Fandorine won on time"]

1. d4 Nf6 2. Nf3 g6 3. c4 Bg7 4.
Nc3 O-O 5. e4 d6 6. Be2 e5 7.
O-O exd4 8. Nxd4 Re8 9. f3 c6 10. Nc2 Na6 11. Kh1 h6 12. Bf4 d5 13. cxd5 cxd5 14. exd5 Nh5 15. Bd2 Qh4 16. Be1 Qg5 17. Ne4 Qd8 18. Bc3 Bxc3 19. bxc3 Bf5 20. Bxa6 bxa6 21.
Qd4 Bxe4 22. fxe4 Qh4 23. Qf2 Qxf2 24. Rxf2 Rxe4 25. Rd1 Rc4 26. Rf3 Rd8 27. Nb4 a5 28. Nc2 Rd6 29. h3 a6 30. Rdd3 Nf4 31. Ne3 Nxd3 32.
Nxc4 Rxd5 33. Re3 Nf4 34. Re8+ Kg7 35. Ra8 Rc5 36. Nd6 g5 37. Rxa6 h5 38. Ra7 Kg6 39. Nxf7 Rxc3 40. Ne5+ Kf6 41. Rxa5 Rc1+ 42. Kh2 Rc2 43.
Nf3 Rxg2+ 44. Kh1 Rg3 45. Ra6+ Kf5 46. Ra5+ Kf6 47. Ra6+ Ke7 48. Ra7+ Kd6 49. Ra6+ Kc7 50. Ne5 Rxh3+ 51. Kg1 g4 52. a4 g3 53. Nf3 g2 54. Ne1 Rh1+ 0-1

[Event "Early-Titled-Tuesday-Blitz-March-05-2024"]
[Site "Chess.com"]
[Date "2024.03.05"]
[Round "9"]
[White "enriquebutti"]
[Black "ajeale2"]
[Result "0-1"]
[WhiteElo "2223"]
[BlackElo "2499"]
[TimeControl "180+1"]
[EndTime "9:47:14 PST"]
[Termination "ajeale2 won by resignation"]

1. d4 e6 2. Nf3 Nf6 3. e3 c5 4.
Bd3 b6 5. O-O Bb7 6. b3 Be7 7.
Bb2 O-O 8. c4 cxd4 9. exd4 d5 10. Nc3 Nc6 11. Qe2 Re8 12. Rad1 Rc8 13. Qe3 Nb4 14.
Be2 Ne4 15. a3 Nxc3 16. Bxc3 Nc2 17. Qc1 Nxa3 18. Bb2 Nb5 19. Qa1 Nd6 20. c5 bxc5 21. dxc5 Nf5 22. Bd3 Bf8 23. Bxf5 exf5 24. b4 a5 25.
bxa5 Ra8 26. Bc3 Qc8 27. Rc1 d4 28. Bxd4 Bxf3 29. gxf3 Qc6 30. Qc3 Re6 31. Rfe1 Rg6+ 32. Kf1 Qb5+ 33. Qc4 Qxa5 34. c6 Qc7 35. Qd5 Qxh2 36.
Ke2 Re8+ 37. Kd3 Rxe1 38. Rxe1 Rd6 39. c7 Rxd5 40. c8=Q Qxf2 41. Qc4 Rxd4+ 42. Qxd4 Qxe1 43.
Qd7 Qe6 44. Qxe6 fxe6 45. Kd4 Kf7 46. Ke5 Be7 47. f4 h5 48. Kd4 Kf6 49. Ke3 Bd6 50.
Kf3 h4 51. Ke3 g6 52. Kf3 e5 53. fxe5+ Bxe5 0-1

[Event "Early-Titled-Tuesday-Blitz-March-05-2024"]
[Site "Chess.com"]
[Date "2024.03.05"]
[Round "9"]
[White "AlexTruskavetsky"]
[Black "ActorXu"]
[Result "0-1"]
[WhiteElo "2707"]
[BlackElo "2854"]
[TimeControl "180+1"]
[EndTime "9:47:15 PST"]
[Termination "ActorXu won by checkmate"]

1. d4 Nf6 2. c4 e6 3. Nc3 Bb4 4. e3 b6 5. a3 Bxc3+ 6. bxc3 Bb7 7. f3 d6 8. e4 e5 9. Bd3 Nc6 10. Ne2 O-O 11. O-O Qe7 12. Qc2 Rae8 13. Be3 Nd7 14.
Ng3 f6 15. f4 Kh8 16. Rf2 Na5 17. Raf1 exf4 18. Rxf4 Ba6 19. Rh4 Bxc4 20. e5 f5 21.
Rxh7+ Kxh7 22. Nxf5 Bxd3 23. Qxd3 Rxf5 24. Qxf5+ Kg8 25.
Rf3 Rf8 26. exd6 Qxd6 27. Qh5 Rxf3 28. Qxf3 c6 29. g4 Nc4 30. Bf2 Qd5 31. Qf4 Nf6 32.
Qb8+ Kh7 33. h3 Ne4 34. Qf4 Nxf2 35. Kxf2 Nxa3 36. h4 Nc4 37. h5 Nd6 38. Kg3 Ne4+ 39. Kh3 Ng5+ 40. Kg3 b5 41. Qc7 a5 42. Kf2 a4 43. Qf4 a3 44. Qd2 a2 45. Qc2+ Ne4+ 46. Ke3 a1=Q 47. g5 Qe1+ 48. Kf3 Qxc3+ 49. Kf4 Qxc2 50.
g6+ Kh6 51. Kg4 Qg5+ 52. Kf3 Qcg2# 0-1

[Event "Early-Titled-Tuesday-Blitz-March-05-2024"]
[Site "Chess.com"]
[Date "2024.03.05"]
[Round "9"]
[White "sorch29"]
[Black "Roman_Ovetchkin"]
[Result "0-1"]
[WhiteElo "2453"]
[BlackElo "2595"]
[TimeControl "180+1"]
[EndTime "9:47:15 PST"]
[Termination "Roman_Ovetchkin won on time"]

1. d4 Nf6 2. c4 c5 3. Nf3 cxd4 4. Nxd4 Qc7 5. e3 a6 6. Nc3 e6 7. Be2 Be7 8. O-O O-O 9. b3 b5 10. Bb2 bxc4 11. Bxc4 Bb7 12. Be2 d6 13. Rc1 Qd8 14.
Na4 Nfd7 15. Qc2 d5 16. Qc7 Ra7 17. Qxd8 Rxd8 18. Rc2 g6 19. Rfc1 e5 20. Nf3 f6 21.
Ne1 Kf7 22. Nd3 a5 23. Ndc5 Ba8 24. Bb5 Nxc5 25. Nxc5 Rc7 26. Na4 Rxc2 27. Rxc2 Bd6 28. Rc1 Bb7 29. Bc3 Rc8 30. Bb2 Rxc1+ 31. Bxc1 Nc6 32.
Bd2 Bb4 33. Bxc6 Bxc6 34. Bxb4 axb4 35. Nb2 Bb5 36. f3 Ke6 37. Kf2 d4 38. exd4 exd4 39.
Ke1 f5 40. g3 f4 41. Kd2 fxg3 42. hxg3 h5 43. Nd3 Bxd3 44. Kxd3 Ke5 45. f4+ Kd5 46. Kd2 Ke4 47. Ke2 d3+ 48. Kd2 Kd4 49. a4 bxa3 50.
b4 a2 0-1